 Dungeon Crawl Stone Soup version 0.19-a0-811-gf4045fb (webtiles) character file.

80 rageheart7 the Slasher (level 4, -2/35 HPs)
             Began as a Demonspawn Monk on June 27, 2016.
             Slain by tornocean's ghost (7 damage)
             ... on level 3 of the Dungeon.
             The game lasted 00:05:15 (2018 turns).

rageheart7 the Slasher (Demonspawn Monk)            Turns: 2018, Time: 00:05:15

Health: -2/35      AC:  5    Str: 12    XL:     4   Next: 18%
Magic:  4/4        EV: 11    Int: 16    God:
Gold:   123        SH:  2    Dex: 15    Spells: 0 memorised, 3 levels left

rFire  . . .     SeeInvis .     a - +0 falchion
rCold  . . .     Gourm    .     e - -2 ring mail (curse)
rNeg   . . .     Faith    .     (no shield)
rPois  .         Spirit   .     (helmet restricted)
rElec  .         Dismiss  .     (no cloak)
rCorr  .         Reflect  .     (no gloves)
SustAt .         Harm     .     (no boots)
MR     .....                    (no amulet)
Stlth  +.........               (no ring)
                                l - +4 ring of intelligence

@: very slightly contaminated, invisible, not resistant to hostile enchantments,
very unstealthy
A: horns 1, large bone plates 1, rot immunity
a: no special abilities


You were on level 3 of the Dungeon.
You were not hungry.

You visited 1 branch of the dungeon, and saw 3 of its levels.

You collected 123 gold pieces.

Inventory:

Hand Weapons
 a - a +0 falchion (weapon)
Armour
 b - a +0 robe
 e - a cursed -2 ring mail (worn)
 g - a cursed +0 leather armour
Jewellery
 l - a +4 ring of intelligence (left hand)
Scrolls
 q - a scroll of enchant armour {unknown}
Potions
 c - a potion of brilliance
 d - a potion of flight
 f - a potion of resistance {unknown}
 i - a potion of mutation {unknown}
Comestibles
 h - 3 beef jerkies
 m - a slice of pizza
 n - a bread ration


   Skills:
 - Level 3.0 Fighting
 * Level 4.3 Long Blades
 + Level 1.0 Armour
 - Level 2.6 Dodging
 - Level 1.7 Stealth


You had 3 spell levels left.
You didn't know any spells.

Dungeon Overview and Level Annotations

Branches:
Dungeon (3/15)

Altars:

Annotations:
D:3 tornocean's ghost, amateur DEFi


Innate Abilities, Weirdness & Mutations

You have a pair of small horns on your head.
You are partially covered in large bone plates. (AC +2, SH +2)
You are immune to rotting.


Message History

Tornocean's ghost barely misses you.
You hit tornocean's ghost but do no damage.
Tornocean's ghost is severely damaged.
Tornocean's ghost barely misses you.
You hit tornocean's ghost but do no damage.
You headbutt tornocean's ghost, but do no damage.
Tornocean's ghost is severely damaged.
You block tornocean's ghost's attack.
You hit tornocean's ghost but do no damage.
Tornocean's ghost is severely damaged.
You float gracefully downwards.
Tornocean's ghost closely misses you.
You hit tornocean's ghost but do no damage.
You headbutt tornocean's ghost.
Tornocean's ghost is almost destroyed.
Tornocean's ghost hits you!
* * * LOW HITPOINT WARNING * * *
You hit tornocean's ghost.
Tornocean's ghost is almost destroyed.
Tornocean's ghost hits you!
You die...

#......# #.......#
#......# #.......#
#......# #?......#
#......# #.......#
#......##### #.......#
.....).....####.......###
..†........+..§.......'.?
...........###.##.(.(.###
...........# #.W@.......#
...........# #.##.......#
...........# #§##.......#
...........# #§##.......#
...........###+##.......+
....................)..##
.......................#
.....................###
#######..##..........#


You could see tornocean's ghost.

Vanquished Creatures
  3 adders (D:2)
  An ooze (D:2)
  2 giant cockroaches (D:1)
  7 goblins
  7 hobgoblins
  2 jackals (D:3)
  8 bats
  5 giant newts
  6 kobolds
  6 rats
47 creatures vanquished.

Notes
Turn   | Place    | Note
--------------------------------------------------------------
     0 | D:1      | rageheart7 the Demonspawn Monk began the quest for the Orb.
     0 | D:1      | Reached XP level 1. HP: 18/18 MP: 1/1
   115 | D:1      | Reached skill level 3 in Long Blades
   199 | D:1      | Gained mutation: You have a pair of small horns on your head. [demonic ancestry]
   199 | D:1      | Reached XP level 2. HP: 18/24 MP: 2/2
   978 | D:2      | Gained mutation: You are partially covered in large bone plates. (AC +2, SH +2) [demonic ancestry]
   978 | D:2      | Reached XP level 3. HP: 27/29 MP: 3/3
  1045 | D:2      | Reached skill level 4 in Long Blades
  1553 | D:2      | Reached skill level 1 in Armour
  1553 | D:2      | Gained mutation: You are immune to rotting. [demonic ancestry]
  1553 | D:2      | Reached XP level 4. HP: 29/35 MP: 4/4
  1976 | D:3      | Noticed tornocean's ghost (amateur DEFi)
  2018 | D:3      | Slain by tornocean's ghost

Vault maps used:
D:1:      minmay_arrival_stone_box, serial_glass, glass_columns_a,
          glass_columns_b, item_on_display_a
D:3:      overflow_temple_1_default, kiku_gazebo_garden_becter, first_bread

Skill      XL: |  1  2  3 |
---------------+----------+-----
Long Blades    | 3 4 |  4.3
Armour         | 1 |  1.0
Fighting       | |  3.0
Dodging        | |  2.6
Stealth        | |  1.7

Action                   |  1- 3 |  4- 6 || total
-------------------------+-------+-------++-------
Melee: Falchion          |   107 |    47 ||   154
       Headbutt          |    13 |    15 ||    28
  Use: Scroll            |     4 |     3 ||     7
       Potion            |       |     4 ||     4
 Stab: Sleeping          |     5 |       ||     5
       Invisible         |       |     3 ||     3
  Eat: Bread ration      |     1 |       ||     1
       Chunk             |     1 |       ||     1
Armor: Ring mail         |    36 |     8 ||    44
Dodge: Dodged            |    84 |    26 ||   110
Block: Other             |     3 |     3 ||     6
